 Dungeon Crawl Stone Soup version 0.19-a0-212-gd839b17 (webtiles) character file.

371 AlphabetPasta the Chopper (level 6, -9/56 HPs)
             Began as a Hill Orc Abyssal Knight on May 24, 2016.
             Was a Believer of Lugonu.
             Mangled by a gnoll
             ... wielding a cursed -3 flail
              (14 damage)
             ... on level 2 of the Dungeon.
             The game lasted 00:19:40 (5879 turns).

AlphabetPasta the Chopper (Hill Orc Abyssal Knight) Turns: 5879, Time: 00:19:41

Health: -9/56      AC:  3    Str: 17    XL:     6   Next: 70%
Magic:  9/9        EV: 11    Int: 12    God:    Lugonu [**....]
Gold:   211        SH:  0    Dex: 10    Spells: 0 memorised, 5 levels left

rFire  . . .     SeeInvis .     a - +1 hand axe
rCold  . . .     Gourm    .     b - +0 leather armour
rNeg   . . .     Faith    .     (no shield)
rPois  .         Spirit   .     (no helmet)
rElec  .         Dismiss  .     (no cloak)
rCorr  .         Reflect  .     (no gloves)
SustAt .         Harm     .     (no boots)
MR     +....                    (no amulet)
Stlth  +.........               (no ring)
                                h - ring of protection from magic

@: invisible, somewhat resistant to hostile enchantments, very unstealthy
A: no striking features
a: Depart the Abyss, Bend Space, Renounce Religion


You were on level 2 of the Dungeon.
You worshipped Lugonu.
Lugonu was pleased with you.
You were hungry.

You visited 1 branch of the dungeon, and saw 3 of its levels.
You visited the Abyss 1 time.

You collected 211 gold pieces.

Inventory:

Hand Weapons
 a - a +1 hand axe (weapon)
Missiles
 q - 2 curare-tipped needles
Armour
 b - a +0 leather armour (worn)
Jewellery
 h - a ring of protection from magic (left hand)
 r - a cursed ring of loudness {unknown}
Scrolls
 e - a scroll of fear {unknown}
 f - a scroll of magic mapping {unknown}
 g - 2 scrolls of identify {unknown}
 k - a scroll of random uselessness {unknown}
 l - a scroll of teleportation {unknown}
 o - 3 scrolls of enchant armour {unknown}
 p - 2 scrolls of remove curse {unknown}
Potions
 n - a potion of heal wounds {unknown}
Comestibles
 c - 2 bread rations
 d - a chunk of flesh
 j - a beef jerky


   Skills:
 + Level 5.1 Fighting
 * Level 5.4 Axes
 + Level 3.9 Armour
 + Level 1.9 Dodging
 + Level 4.0 Invocations


You had 5 spell levels left.
You didn't know any spells.

Dungeon Overview and Level Annotations

Branches:
Dungeon (3/15)

Altars:
Ashenzari
Zin

Annotations:
D:3 Steelers13's ghost, amateur DrBe


Message History

You see here a whip.
The gnoll hits you but does no damage.
You see here a halberd.
The gnoll closely misses you.
There is a stone staircase leading up, spattered with blood here.
The gnoll hits you with a flail.
* * * LOW HITPOINT WARNING * * *
The gnoll hits you.
* * * LOW HITPOINT WARNING * * *
You climb upwards.
There is a stone staircase leading down, spattered with blood here.
The gnoll hits you with a flail!
* * * LOW HITPOINT WARNING * * *
Things that are here:
a spear x2
Drink which item? (? for menu, Esc to quit)
It was a potion of invisibility.
You fade into invisibility!
The gnoll hits you with a flail!
You die...

#...†..............#..########..
#......#############........#...
#......# ##...........
#####)'#### ##.>.........
#........# #####............
#.##..##.######(...(.(.......÷.
#.#⌠..⌠#.#.....................
#...((...#.....#####...........
#........#..gg@...##...........
#.#⌠..⌠#.#))..###..............
#.##..##.#>##.# ###............
#........#.##.## #.............
##########.##..###.............
#.###................. ##.#
###.##............
##..####..###...(.......
#.....÷..## #...........


You could see 2 gnolls.

Vanquished Creatures
  2 gnoll shamans (D:3)
  22 gnolls
  3 adders
  A worm (D:2)
  2 dart slugs
  2 giant geckos
  An orc (D:3)
  2 giant cockroaches
  5 goblins
  9 hobgoblins
  14 jackals (D:3)
  A quokka (D:3)
  6 bats
  4 giant newts
  2 kobolds
  3 rats
79 creatures vanquished.

Notes
Turn   | Place    | Note
--------------------------------------------------------------
     0 | Abyss:1  | AlphabetPasta the Hill Orc Abyssal Knight began the quest for the Orb.
     0 | Abyss:1  | Reached XP level 1. HP: 19/19 MP: 2/2
    60 | Abyss:1  | Noticed an ancient zyme
    70 | Abyss:1  | Noticed a ynoxinul
    72 | D:1      | Escaped the Abyss
   397 | D:1      | Reached * piety under Lugonu
   435 | D:1      | Reached XP level 2. HP: 27/27 MP: 4/4
  1025 | D:2      | Found a shattered altar of Ashenzari.
  1042 | D:2      | Found a glowing silver altar of Zin.
  1053 | D:2      | Reached XP level 3. HP: 17/33 MP: 5/5
  1488 | D:3      | Reached skill level 1 in Dodging
  1553 | D:3      | Reached ** piety under Lugonu
  1553 | D:3      | Reached XP level 4. HP: 15/40 MP: 6/6
  2357 | D:3      | Noticed a phantom
  3034 | D:3      | Reached XP level 5. HP: 25/47 MP: 7/7
  4244 | D:2      | Reached skill level 5 in Axes
  4244 | D:2      | Reached XP level 6. HP: 16/53 MP: 8/8
  4522 | D:3      | Noticed Steelers13's ghost (amateur DrBe)
  5174 | D:3      | Reached skill level 5 in Fighting
  5879 | D:2      | Mangled by a gnoll

Vault maps used:
D:1:      dpeg_arrival_short_road, dk_noncrumbling_3, st_stairs_1
D:2:      overflow_temple_1_default, lemuel_crystal_altar,
          kennysheep_generic_room_5
D:3:      lemuel_castle_with_subvaults
Abyss:1:  evilmike_abyss_exit_glass

Skill      XL: |  1  2  3  4  5  6 |
---------------+-------------------+-----
Axes           | 3 4 5 |  5.4
Invocations    | 3 4 |  4.0
Dodging        | 1 |  1.9
Fighting       | 4 5 |  5.1
Armour         | 3 |  3.9

Action                   |  1- 3 |  4- 6 || total
-------------------------+-------+-------++-------
Melee: Hand axe          |   100 |   288 ||   388
Invok: Depart the Abyss  |     1 |       ||     1
       Bend Space        |       |     1 ||     1
  Use: Potion            |       |     3 ||     3
  Eat: Chunk             |     2 |     4 ||     6
       Meat ration       |       |     1 ||     1
       Beef jerky        |       |     2 ||     2
       Pizza             |       |     1 ||     1
Armor: Leather armour    |    35 |    31 ||    66
Dodge: Dodged            |    46 |   163 ||   209
